 Dungeon Crawl Stone Soup version 0.31.0-11-ge490571c62 (webtiles) character file.

Game seed: 9113688344781352846

1272 Sabo the Ducker (level 8, 0/67 HPs)
             Began as a Gnoll Monk on Feb 3, 2024.
             Slain by a two-headed ogre
             ... wielding a +0 giant spiked club
              (17 damage)
             ... on level 6 of the Dungeon.
             The game lasted 00:25:23 (5396 turns).

Sabo the Ducker (Gnoll Monk)                        Turns: 5396, Time: 00:25:24

Health: 0/67       AC: 16    Str: 15    XL:     8   Next: 53%
Magic:  13/13      EV: 12    Int: 11    God:
Gold:   160        SH:  0    Dex: 14    Spells: 14/14 levels left

rFire   . . .        g - +3 whip (elec)
rCold   + + +        d - orb {light}
rNeg    . . .        x - +6 scale mail of the Midnight Sun {*Slow rC+++ Str+3 SInv}
rPois   .            (no helmet)
rElec   .            e - +0 cloak
rCorr   .            w - +0 pair of gloves
SInv    +            p - +0 pair of boots
Will    .....        k - amulet of reflection Stlth
                     (no ring)
HPRegen 0.31/turn    (no ring)
MPRegen 0.13/turn

%: slow self (1%), reflection
@: confused, ambrosia-drunk, glowing
A: fangs 1, strong nose, distributed training
a: no special abilities


You were on level 6 of the Dungeon.
You visited 1 branch of the dungeon, and saw 6 of its levels.

You collected 385 gold pieces.
You spent 225 gold pieces at shops.

Inventory:

Hand Weapons
 g - a +3 whip of electrocution (weapon)
 r - a +0 war axe
 A - a +0 orcbow
Missiles
 l - an atropa-tipped dart (quivered)
Armour
 d - an orb of light (worn)
 e - a +0 cloak (worn)
 p - a +0 pair of boots (worn)
 w - a +0 pair of gloves (worn)
 x - the +6 scale mail of the Midnight Sun (worn) {*Slow rC+++ Str+3 SInv}
   (You bought it in a shop on level 3 of the Dungeon)

   Str+3:     It affects your strength (+3).
   rC+++:     It renders you almost immune to cold.
   SInv:      It lets you see invisible.
   *Slow:     It may slow you when you take damage.
Jewellery
 i - an amulet of faith
 k - an amulet of reflection (around neck)
Wands
 B - a wand of charming (18)
Scrolls
 j - 4 scrolls of teleportation
 u - a scroll of revelation {unknown}
 v - a scroll of poison
 y - a scroll of butterflies {unknown}
 E - a scroll of amnesia {unknown}
Potions
 a - a potion of magic {unknown}
 b - 3 potions of lignification {unknown}
 f - 2 potions of might {unknown}
 h - 3 potions of heal wounds {unknown}
 n - 3 potions of curing {unknown}
 q - a potion of brilliance {unknown}
 t - 4 potions of invisibility {unknown}
 z - a potion of attraction {unknown}
 C - a potion of enlightenment {unknown}
 D - 2 potions of degeneration {unknown}


   Skills:
 + Level 7.5 Fighting
 + Level 3.5 Short Blades
 + Level 3.5 Long Blades
 + Level 7.5 Axes
 + Level 3.5 Maces & Flails
 + Level 3.5 Polearms
 + Level 3.5 Staves
 + Level 3.5 Ranged Weapons
 + Level 3.5 Throwing
 + Level 3.5 Armour
 + Level 7.5 Dodging
 + Level 3.5 Stealth
 + Level 3.5 Shields
 + Level 3.5 Unarmed Combat
 + Level 3.5 Spellcasting
 + Level 2.8 Conjurations
 + Level 2.8 Hexes
 + Level 2.8 Summonings
 + Level 2.8 Necromancy
 + Level 2.8 Translocations
 + Level 2.8 Fire Magic
 + Level 2.8 Ice Magic
 + Level 2.8 Air Magic
 + Level 2.8 Earth Magic
 + Level 2.8 Alchemy
 + Level 3.8 Invocations
 + Level 3.5 Evocations
 + Level 3.1 Shapeshifting


You had 14 spell levels left.
You didn't know any spells.
Your spell library contained the following spells:

 Spells                   Type           Power      Damage    Failure   Level
 Ensorcelled Hibernation  Hex/Ice        16%        N/A       38%         2
 Frozen Ramparts          Ice            16%        1d3       63%         3
 Fugue of the Fallen      Necr           8%         N/A       63%         3
 Hailstorm                Conj/Ice       8%         3d5       63%         3
 Summon Ice Beast         Ice/Summ       8%         N/A       63%         3
 Anguish                  Hex/Necr       4%         N/A       95%         4
 Leda's Liquefaction      Alch/Erth      4%         N/A       95%         4
 Petrify                  Alch/Erth      8%         N/A       95%         4
 Metabolic Englaciation   Hex/Ice        4%         N/A       100%        5
 Summon Forest            Summ/Tloc      4%         N/A       100%        5
 Summon Mana Viper        Hex/Summ       8%         N/A       100%        5
 Sculpt Simulacrum        Ice/Alch       4%         N/A       100%        6
 Summon Cactus Giant      Summ           4%         N/A       100%        6


Dungeon Overview and Level Annotations

Branches:
Dungeon (6/15)
 Temple: D:4-7

Altars:
Cheibriados
Trog

Shops:
D:3 [=


Innate Abilities, Weirdness & Mutations

You have very sharp teeth.
Your uncanny sense of smell can sniff out nearby items.
Your experience applies equally to all skills.


Message History

Press: ? - help, Q - select action, (/) - cycle Shift-Dir - straight line, f/p - two-headed ogre
Aim: a two-headed ogre, wielding two +0 giant spiked clubs (75% to hit, chance to blind on hit: 3%)
You throw an atropa-tipped dart.
The atropa-tipped dart barely misses the two-headed ogre.
A sleepcap comes into view.
You whack the two-headed ogre!
Lightning courses through the two-headed ogre!
The two-headed ogre is heavily wounded.
The two-headed ogre hits you with a +0 giant spiked club!
The two-headed ogre misses you.
You hit the two-headed ogre but do no damage.
The two-headed ogre is heavily wounded.
You hit the two-headed ogre.
The two-headed ogre is heavily wounded.
The two-headed ogre hits you with a +0 giant spiked club!!
The two-headed ogre hits you but does no damage.
You hit the two-headed ogre.
You bite the two-headed ogre, but do no damage.
The two-headed ogre is heavily wounded.
The two-headed ogre hits you with a +0 giant spiked club! x2
You hit the two-headed ogre.
The two-headed ogre is heavily wounded.
You hit the two-headed ogre.
The two-headed ogre is severely wounded.
The sleepcap closely misses you. The two-headed ogre barely misses you.
The two-headed ogre misses you.
You hit the two-headed ogre but do no damage.
The two-headed ogre is severely wounded.
The sleepcap barely misses you.
You hit the two-headed ogre but do no damage.
You bite the two-headed ogre, but do no damage.
The two-headed ogre is severely wounded.
The two-headed ogre hits you but does no damage.
The two-headed ogre hits you with a +0 giant spiked club!
* * * LOW HITPOINT WARNING * * *
The sleepcap releases spores at you but does no damage.
You are confused.
You feel invigorated. The sleepcap misses you.
The two-headed ogre hits you with a +0 giant spiked club!
You die...

.#########
.........#
.........##
..........
.........#
.........+
..(......##
.(....O@.<#
......f...#
..........#
.########.#
#.# #.# #.#
#.#


You could see a two-headed ogre and a sleepcap.

Vanquished Creatures
  Prince Ribbit (D:5)
  Eustachio (D:5)
  The ghost of Rem the Shooter, an amateur BaHu (D:3)
  A centaur (D:5)
  Blork the orc (D:4)
  2 scorpions (D:5)
  A howler monkey (D:4)
  A bullfrog skeleton (D:3)
  An orc priest (D:5)
  A sleepcap (D:5)
  2 hounds (D:5)
  A jelly (D:5)
  A centaur skeleton (D:3)
  4 iguanas (D:5)
  An orc wizard (D:5)
  A howler monkey skeleton (D:3)
  6 gnolls (D:4)
  5 adders
  A ribbon worm (D:5)
  2 dart slugs (D:4)
  6 orcs
  5 bats
  5 endoplasms
  2 giant cockroaches
  A goblin (D:4)
  3 hobgoblins
  A quokka (D:1)
  2 ball pythons
  2 frilled lizards
  4 kobolds
  3 rats
69 creatures vanquished.

Notes
Turn   | Place    | Note
-------+----------+-------------------------------------------
     0 | D:1      | Sabo the Gnoll Monk began the quest for the Orb.
     0 | D:1      | Reached XP level 1. HP: 23/23 MP: 1/1
    98 | D:1      | Found a faded altar of an unknown god.
   588 | D:1      | Reached XP level 2. HP: 29/29 MP: 2/2
  1455 | D:2      | Reached XP level 3. HP: 35/35 MP: 3/3
  1997 | D:3      | Found a transporter.
  1998 | D:3      | Found a snail-covered altar of Cheibriados.
  2000 | D:3      | Noticed Rem's ghost (amateur BaHu)
  2134 | D:3      | Reached skill level 1 in Invocations
  2148 | D:3      | Found Kulagiu's Jewellery Shop.
  2285 | D:3      | Found Wulum's Antique Armour Emporium.
  2497 | D:4      | Noticed Blork the orc
  2513 | D:4      | Killed Blork the orc
  2514 | D:4      | Reached skill level 1 in Short Blades
  2514 | D:4      | Reached skill level 1 in Long Blades
  2514 | D:4      | Reached skill level 1 in Maces & Flails
  2514 | D:4      | Reached skill level 1 in Polearms
  2514 | D:4      | Reached skill level 1 in Staves
  2514 | D:4      | Reached skill level 1 in Ranged Weapons
  2514 | D:4      | Reached skill level 1 in Throwing
  2514 | D:4      | Reached skill level 1 in Armour
  2514 | D:4      | Reached skill level 1 in Stealth
  2514 | D:4      | Reached skill level 1 in Shields
  2514 | D:4      | Reached skill level 1 in Unarmed Combat
  2514 | D:4      | Reached skill level 1 in Spellcasting
  2514 | D:4      | Reached skill level 1 in Conjurations
  2514 | D:4      | Reached skill level 1 in Hexes
  2514 | D:4      | Reached skill level 1 in Summonings
  2514 | D:4      | Reached skill level 1 in Necromancy
  2514 | D:4      | Reached skill level 1 in Translocations
  2514 | D:4      | Reached skill level 1 in Fire Magic
  2514 | D:4      | Reached skill level 1 in Ice Magic
  2514 | D:4      | Reached skill level 1 in Air Magic
  2514 | D:4      | Reached skill level 1 in Earth Magic
  2514 | D:4      | Reached skill level 1 in Alchemy
  2514 | D:4      | Reached skill level 1 in Evocations
  2514 | D:4      | Reached skill level 1 in Shapeshifting
  2514 | D:4      | Reached XP level 4. HP: 35/41 MP: 5/5
  2583 | D:4      | Reached XP level 5. HP: 47/47 MP: 5/7
  3011 | D:4      | Reached XP level 6. HP: 53/53 MP: 8/8
  3193 | D:3      | Bought a faintly glowing scale mail for 225 gold pieces
  3193 | D:3      | Identified the +6 scale mail of the Midnight Sun {*Slow
                  | rC+++ Str+3 SInv} (You bought it in a shop on level 3 of
                  | the Dungeon)
  3311 | D:3      | Found a transporter.
  3323 | D:3      | Killed Rem's ghost
  3338 | D:3      | Reached XP level 7. HP: 49/60 MP: 10/10
  4184 | D:5      | Entered Level 5 of the Dungeon
  4238 | D:5      | Noticed Eustachio
  4267 | D:5      | Killed Eustachio
  4273 | D:5      | Found a bloodstained altar of Trog.
  4558 | D:5      | Reached XP level 8. HP: 64/67 MP: 12/12
  4931 | D:5      | Noticed Prince Ribbit
  4947 | D:5      | Killed Prince Ribbit
  5382 | D:6      | Noticed a two-headed ogre
  5396 | D:6      | Slain by a two-headed ogre

Illustrated notes

Levels and vault maps discovered:
D:1:      psy_arrival_conway, layout_loops_ring,
          dreamdust_ecumenical_altar_grove
D:2:      layout_basic, grunt_ministairs_14, minmay_tripent
D:3:      layout_basic, lemuel_crystal_altar, serial_shops, shop, shop,
          gammafunk_ghost_mausoleum
D:4:      layout_basic, hangedman_abyss_or_decor_passed, dk_noncrumbling_3,
          uniq_blork_the_orc
D:5:      layout_gridville, mainiacjoe_overflow_catwalk, serial_bayou_pond_b,
          chequers_serial_rivers_large_a, grunt_ministairs_3,
          uniq_prince_ribbit1, uniq_eustachio
D:6:      layout_basic, general_overflow_altar, temple_green,
          kennysheep_generic_room_14, uniq_maggie

Skill      XL: |  1  2  3  4  5  6  7  8 |
---------------+-------------------------+-----
Invocations    | 1 2 3 |  3.8
Short Blades   | 1 2 3 |  3.5
Long Blades    | 1 2 3 |  3.5
Maces & Flails | 1 2 3 |  3.5
Polearms       | 1 2 3 |  3.5
Staves         | 1 2 3 |  3.5
Ranged Weapons | 1 2 3 |  3.5
Throwing       | 1 2 3 |  3.5
Armour         | 1 2 3 |  3.5
Stealth        | 1 2 3 |  3.5
Shields        | 1 2 3 |  3.5
Unarmed Combat | 1 2 3 |  3.5
Spellcasting   | 1 2 3 |  3.5
Conjurations   | 1 2 |  2.8
Hexes          | 1 2 |  2.8
Summonings     | 1 2 |  2.8
Necromancy     | 1 2 |  2.8
Translocations | 1 2 |  2.8
Fire Magic     | 1 2 |  2.8
Ice Magic      | 1 2 |  2.8
Air Magic      | 1 2 |  2.8
Earth Magic    | 1 2 |  2.8
Alchemy        | 1 2 |  2.8
Evocations     | 1 2 3 |  3.5
Shapeshifting  | 1 2 3 |  3.1
Fighting       | 7 |  7.5
Axes           | 7 |  7.5
Dodging        | 7 |  7.5

Action                     |  1- 3 |  4- 6 |  7- 9 || total
---------------------------+-------+-------+-------++-------
  Melee: Whip              |    50 |    53 |   116 ||   219
         Hand axe          |     5 |       |       ||     5
         Bite              |     6 |     9 |    28 ||    43
  Throw: Dart              |     3 |     1 |    12 ||    16
    Use: Scroll            |     2 |       |     4 ||     6
         Potion            |       |       |     1 ||     1
 Armour: Ring mail         |    23 |    14 |       ||    37
         Robe              |     2 |       |       ||     2
         Scale mail        |       |    39 |    75 ||   114
  Dodge: Dodged            |    28 |    69 |   103 ||   200
